[Event "Titled Tuesday Blitz April 11 Late 2023"]
[White "Mendez Fortes, Eduardo Jesus"]
[Black "Novik, Maxim"]
[WhiteFideId "3502376"]
[BlackFideId "4102924"]
[WhiteElo "2307"]
[BlackElo "2287"]
[Result "0-1"]
[Round "08"]
[TimeControl "180+2"]
[Date "2023.04.11"]
[WhiteClock "0:00:07"]
[BlackClock "0:00:06"]

1. e4 c6 2. d4 d5 3. Nc3 dxe4 4. Nxe4 Bf5 5. Ng3 Bg6 6. Nh3 Nf6 7. Nf4 e5 8. Nxg6 hxg6 9. dxe5 Qa5+ 10. Bd2 Qxe5+ 11. Qe2 Nbd7 12. Qxe5+ Nxe5 13. f4 Ned7 14. Bc4 Nb6 15. Bb3 Nbd5 16. O-O-O O-O-O 17. f5 Bc5 18. fxg6 fxg6 19. h3 Bf2 20. Ne2 Ne4 21. Ba5 b6 22. Bxd5 cxd5 23. Be1 d4 24. Rf1 Be3+ 25. Kb1 g5 26. Bb4 Nf2 27. Rde1 d3 28. Nc3 Bd2 29. Re7 Bxc3 30. Bxc3 d2 31. Bxd2 Rxd2 32. Rxa7 Rhd8 33. b3 R8d7 34. Ra8+ Kb7 35. Rf8 Ne4 36. Re1 Nf6 37. g4 Rh2 38. Re3 Rc7 39. a4 Rhxc2 40. Re5 Rh2 41. Rxg5 Rxh3 42. Re5 Rxb3+ 43. Ka2 Rb4 44. g5 Ne4 45. Ka3 Rbc4 46. Rf4 Nd2 47. Ref5 Rxf4 48. Rxf4 Nc4+ 49. Kb4 Nd6 50. g6 Kc6 51. Rh4 Re7 52. Rh7 Kd5 53. Rh5+ Ke6 54. Rh4 Kf6 55. Rh1 Kxg6 56. Rd1 Nf5 57. Kb5 Re6 58. Kc4 Kf6 59. Rg1 g5 60. Kd5 g4 61. Kc4 g3 62. Kd3 Kg5 63. Rb1 Kf4 64. Kd2 g2 65. Rb3 Kg4 66. a5 bxa5 67. Rb8 Rg6 68. Rb1 Kg3 69. Kc3 Nh4 70. Kd4 Nf3+ 71. Ke4 g1=Q 72. Rd1 Qb6 73. Rg1+ Qxg1 74. Kf5 Qc5+ 75. Ke4 Qd4+ 76. Kf5 Rf6# 0-1


[Site "https://www.chess.com"]

[Event "Titled Tuesday Blitz April 11 Late 2023"]
[White "Martinez Reyes, Pedro Ramon"]
[Black "Erzhanov, Arman"]
[WhiteFideId "3901807"]
[BlackFideId "4138821"]
[WhiteElo "2340"]
[BlackElo "2138"]
[Result "1-0"]
[Round "08"]
[TimeControl "180+2"]
[Date "2023.04.11"]
[WhiteClock "0:01:54"]
[BlackClock "0:00:16"]

1. d3 e5 2. Nf3 d6 3. g3 Nf6 4. Bg2 Be7 5. O-O O-O 6. c4 c6 7. Nc3 Nbd7 8. Rb1 Re8 9. b4 Bf8 10. b5 Qc7 11. Bd2 Nc5 12. Na4 Nxa4 13. Qxa4 Bd7 14. bxc6 Bxc6 15. Qb3 b6 16. a4 Rab8 17. Qa2 a5 18. Ne1 Nd7 19. Nc2 Nc5 20. Bxc6 Qxc6 21. Ra1 h5 22. Ne3 h4 23. Nd5 h3 24. Be3 Rb7 25. Rfb1 Reb8 26. Bxc5 bxc5 27. Rb5 Qd7 28. f3 f5 29. Rab1 f4 30. g4 Be7 31. Rxb7 Rxb7 32. Rb5 Bd8 33. Qb3 Rxb5 34. cxb5 Kf8 35. Qc4 Qb7 36. Kf1 Bb6 37. Qe4 Bd8 38. e3 fxe3 39. Ke2 Qf7 40. Qf5 Qxf5 41. gxf5 Ke8 42. Kxe3 Kd7 43. Ke4 Bg5 44. f4 exf4 45. Nxf4 d5+ 46. Nxd5 Bh4 47. Nf4 Bg3 48. Nxh3 Bxh2 49. Nf4 Kd6 50. Ne6 g6 51. Nf4 gxf5+ 52. Kxf5 Bg3 53. Ke4 Bh2 54. Nd5 Bg3 55. Ne3 Bh2 56. Nc4+ Kc7 57. Nxa5 Bg1 58. Nc4 Bf2 59. Kd5 Bg1 60. a5 Kb7 61. a6+ Ka7 62. Kc6 Bh2 63. Kxc5 Bb8 64. Kc6 Bf4 65. d4 Bg3 66. d5 Bf4 67. d6 Bg5 68. d7 Bd8 69. Nd6 Kb8 70. Nf7 Ba5 71. d8=Q+ Bxd8 72. Nxd8 Ka8 73. b6 Kb8 74. b7 Ka7 75. Kc7 Kxa6 76. b8=Q Ka5 77. Kc6 Ka4 78. Kc5 Ka3 79. Kc4 Ka4 80. Qb4# 1-0


[Site "https://www.chess.com"]

[Event "Titled Tuesday Blitz April 11 Late 2023"]
[White "Santos Flores, Alberto"]
[Black "Vlassov, Nikolai"]
[WhiteFideId "3601234"]
[BlackFideId "4103360"]
[WhiteElo "2235"]
[BlackElo "2324"]
[Result "1/2-1/2"]
[Round "08"]
[TimeControl "180+2"]
[Date "2023.04.11"]
[WhiteClock "0:00:42"]
[BlackClock "0:00:08"]

1. d4 Nf6 2. Bf4 e6 3. e3 b6 4. h3 Bb7 5. Nf3 c5 6. c3 Be7 7. Nbd2 h6 8. Bd3 d6 9. O-O g5 10. Bh2 g4 11. hxg4 Nxg4 12. Bf4 Nd7 13. Be4 Qc7 14. Bxb7 Qxb7 15. Qc2 O-O-O 16. Qe4 e5 17. dxe5 dxe5 18. Qxb7+ Kxb7 19. Bg3 f5 20. Nc4 e4 21. Nfe5 Ndxe5 22. Nxe5 Rd2 23. Nc4 Rd5 24. Rfd1 Rhd8 25. Rxd5 Rxd5 26. a4 a6 27. Kf1 h5 28. Ke2 h4 29. Bf4 Kc6 30. f3 Nf6 31. Rd1 b5 32. axb5+ axb5 33. Ne5+ Kb6 34. Ng6 Rxd1 35. Kxd1 exf3 36. gxf3 Nd5 37. Nxe7 Nxe7 38. Ke2 Ng6 39. Bh2 Ka5 40. b3 c4 41. bxc4 bxc4 42. e4 f4 43. e5 Nxe5 44. Bxf4 Ng6 45. Bh2 Ka4 46. Ke3 Kb3 47. Kd4 Ne7 48. f4 Nf5+ 49. Ke5 Ng3 50. f5 Nxf5 51. Kxf5 Kxc3 52. Be5+ Kd3 53. Kg4 Ke4 54. Ba1 Kd3 55. Kxh4 c3 56. Bxc3 1/2-1/2


[Site "https://www.chess.com"]

[Event "Titled Tuesday Blitz April 11 Late 2023"]
[White "Estrada Nieto, Julian"]
[Black "Lenaerts, Lennert"]
[WhiteFideId "5101018"]
[BlackFideId "211435"]
[WhiteElo "2161"]
[BlackElo "2334"]
[Result "1-0"]
[Round "08"]
[TimeControl "180+2"]
[Date "2023.04.11"]
[WhiteClock "0:01:04"]
[BlackClock "0:02:03"]

1. e4 e5 2. Nf3 Nc6 3. Bb5 g6 4. d4 exd4 5. Bg5 Be7 6. Bxc6 Bxg5 7. Bd5 c6 8. Qxd4 Bf6 9. e5 Bg7 10. Bb3 d6 11. Qf4 Qe7 12. O-O dxe5 13. Qe3 Nh6 14. Nc3 Nf5 15. Qe2 Nd4 16. Nxd4 exd4 17. Ne4 O-O 18. Rfe1 a5 19. a4 Bf5 20. Ng3 Qxe2 21. Rxe2 Bd7 22. Re7 Rad8 23. Ne4 d3 24. cxd3 Bxb2 25. Rb1 Bd4 26. Ng5 Bf6 27. Rxf7 Rxf7 28. Nxf7 Re8 29. Nd6+ 1-0


[Site "https://www.chess.com"]

[Event "Titled Tuesday Blitz April 11 Late 2023"]
[White "Cori T., Deysi"]
[Black "Martin Barcelo, Carles"]
[WhiteFideId "3801934"]
[BlackFideId "24561444"]
[WhiteElo "2292"]
[BlackElo "2089"]
[Result "0-1"]
[Round "08"]
[TimeControl "180+2"]
[Date "2023.04.11"]
[WhiteClock "0:00:16"]
[BlackClock "0:00:32"]

1. Nf3 b6 2. e4 Bb7 3. Nc3 c5 4. a4 Nc6 5. d4 cxd4 6. Nxd4 g6 7. Be3 Bg7 8. Bb5 e6 9. O-O Nge7 10. Nb3 O-O 11. a5 Nxa5 12. Nxa5 bxa5 13. Bc5 Be5 14. f4 d6 15. fxe5 dxc5 16. Qd6 Nc6 17. Bxc6 Qxd6 18. exd6 Bxc6 19. Rxa5 Rad8 20. e5 f6 21. Rxc5 Ba8 22. Rc7 Bd5 23. Nxd5 exd5 24. Rxa7 fxe5 25. Rxf8+ Kxf8 26. d7 Ke7 27. Kf2 Rxd7 28. Rxd7+ Kxd7 29. Ke3 Kd6 30. c4 dxc4 31. Ke4 Ke6 32. g4 g5 33. h3 h6 34. Kf3 Kd5 35. Ke3 e4 36. Ke2 Kd4 37. Kd2 e3+ 38. Ke2 Ke4 39. Ke1 Kd3 40. Kf1 Kc2 41. Ke2 Kxb2 42. Kxe3 c3 43. Ke4 c2 44. Kf5 c1=Q 45. Kg6 Qe1 46. Kxh6 Qh4+ 47. Kg6 Kc3 0-1


[Site "https://www.chess.com"]

[Event "Titled Tuesday Blitz April 11 Late 2023"]
[White "Senthilkumar, Pranav"]
[Black "Klenburg, Michael"]
[WhiteFideId "2083477"]
[BlackFideId "14102072"]
[WhiteElo "1860"]
[BlackElo "2396"]
[Result "0-1"]
[Round "08"]
[TimeControl "180+2"]
[Date "2023.04.11"]
[WhiteClock "0:00:25"]
[BlackClock "0:00:50"]

1. Nf3 Nf6 2. d4 g6 3. Bg5 Bg7 4. Nbd2 O-O 5. e4 d6 6. Be2 c5 7. c3 cxd4 8. cxd4 Nc6 9. O-O h6 10. Bh4 Nh5 11. d5 Nb8 12. Nc4 Nf4 13. Bg3 Nxe2+ 14. Qxe2 Nd7 15. Rfd1 Nb6 16. e5 Nxc4 17. Qxc4 Qb6 18. b3 Bf5 19. Rac1 Rac8 20. Qe2 Bg4 21. h3 Bxf3 22. Qxf3 dxe5 23. Qe2 Qd6 24. Qb5 b6 25. f3 Rfd8 26. Rxc8 Rxc8 27. Qa6 Rc7 28. Bf2 e6 29. Qb5 Rd7 30. a4 exd5 31. a5 d4 32. axb6 axb6 33. Be1 Qd5 34. Qxb6 Rb7 35. Qa6 Qxb3 36. Qe2 Rc7 37. Bg3 Rc2 38. Qe4 Qe3+ 39. Qxe3 dxe3 40. Rd5 Rc1+ 41. Kh2 e2 0-1


[Site "https://www.chess.com"]

[Event "Titled Tuesday Blitz April 11 Late 2023"]
[White "Rosen, Eric"]
[Black "Mickiewicz, Piotr"]
[WhiteFideId "2032562"]
[BlackFideId "1114891"]
[WhiteElo "2331"]
[BlackElo "2246"]
[Result "0-1"]
[Round "08"]
[TimeControl "180+2"]
[Date "2023.04.11"]
[WhiteClock "0:00:04"]
[BlackClock "0:00:08"]

1. e4 e5 2. Nf3 Nf6 3. Nc3 Nc6 4. a3 d6 5. d4 exd4 6. Nxd4 g6 7. Bc4 Bg7 8. O-O O-O 9. Nxc6 bxc6 10. h3 Re8 11. Qd3 Rb8 12. Bg5 Rxb2 13. Bb3 Be6 14. Na4 Rxb3 15. cxb3 Qb8 16. Rab1 c5 17. f3 Nd7 18. Be3 Ne5 19. Qc2 Nc6 20. b4 Nd4 21. Qd3 c4 22. Qd2 Nb5 23. Qc1 Qc8 24. Bh6 Bd4+ 25. Be3 Bg7 26. Bh6 Bxh6 27. Qxh6 Nxa3 28. Rbc1 Qb7 29. Nc3 Qxb4 30. f4 f5 31. exf5 Bxf5 32. Kh2 Nc2 33. Nd5 Qb2 34. Qg5 Re2 35. Ne7+ Kf7 36. Nxf5 gxf5 37. Qxf5+ Qf6 38. Qxh7+ Qg7 39. Qf5+ Ke7 40. Qg5+ Qxg5 41. fxg5 Ne3 42. Rfe1 Rxg2+ 43. Kh1 Rg3 44. Rc3 d5 45. Rcxe3+ Rxe3 46. Rxe3+ Kf7 47. Rf3+ Kg6 48. h4 d4 49. Rf4 c5 50. Rf6+ Kh5 51. Rh6+ Kg4 52. Rd6 c3 53. Rc6 d3 54. g6 d2 55. Rd6 c2 56. g7 c1=Q+ 57. Kg2 Qc4 58. Rg6+ Kxh4 59. g8=Q Qxg8 60. Rxg8 d1=Q 61. Rh8+ Kg5 62. Rg8+ Kf6 63. Rf8+ Ke7 64. Rf2 Qd5+ 65. Kg1 c4 66. Re2+ Qe6 67. Rf2 Qe5 68. Kf1 Ke6 69. Kg2 Qe4+ 70. Kf1 Ke5 71. Kg1 Qe3 72. Kg2 Qxf2+ 73. Kh1 Qe2 0-1


[Site "https://www.chess.com"]

[Event "Titled Tuesday Blitz April 11 Late 2023"]
[White "Kornyukov, Alexey"]
[Black "Francisco Guecamburu, Candela Be"]
[WhiteFideId "4150457"]
[BlackFideId "160911"]
[WhiteElo "2352"]
[BlackElo "2326"]
[Result "1-0"]
[Round "08"]
[TimeControl "180+2"]
[Date "2023.04.11"]
[WhiteClock "0:01:00"]
[BlackClock "0:00:02"]

1. d4 Nf6 2. c4 c5 3. d5 e6 4. Nc3 exd5 5. cxd5 d6 6. e4 g6 7. f3 Bg7 8. Bg5 h6 9. Be3 O-O 10. Qd2 Re8 11. a4 a6 12. Ra3 Nbd7 13. Nh3 Rb8 14. Nf2 Kh7 15. Be2 Nf8 16. O-O Bd7 17. Rb1 b5 18. axb5 axb5 19. b4 g5 20. Ra6 Bc8 21. Ra7 Qb6 22. Rxf7 Kg8 23. Rxg7+ Kxg7 24. bxc5 dxc5 25. Rxb5 Qa7 26. Rxb8 Qxb8 27. Bxc5 N8d7 28. Bd4 Qb4 29. Ng4 Bb7 30. h4 Kg6 31. Nxh6 Kxh6 32. hxg5+ Kg6 33. gxf6 Ra8 34. e5 Ra1+ 35. Kf2 Nf8 36. e6 Nxe6 37. dxe6 1-0


[Site "https://www.chess.com"]

[Event "Titled Tuesday Blitz April 11 Late 2023"]
[White "Albuquerque Junior,Wellington S."]
[Black "Ibadov, Dashgyn"]
[WhiteFideId "2151480"]
[BlackFideId "24107514"]
[WhiteElo "2109"]
[BlackElo "2208"]
[Result "0-1"]
[Round "08"]
[TimeControl "180+2"]
[Date "2023.04.11"]
[WhiteClock "0:00:34"]
[BlackClock "0:00:19"]

1. c4 Nf6 2. g3 e6 3. Bg2 d5 4. Nf3 d4 5. O-O c5 6. b4 cxb4 7. a3 bxa3 8. d3 Nc6 9. Qa4 Bd7 10. Nxa3 Bc5 11. Nc2 O-O 12. Qb3 Rb8 13. Ba3 b6 14. Rfb1 Qe7 15. Nd2 e5 16. Ne4 Nxe4 17. Bxe4 Kh8 18. Nb4 Nxb4 19. Bxb4 f5 20. Bg2 a5 21. Bxa5 e4 22. Bb4 exd3 23. exd3 f4 24. Bxc5 Qxc5 25. Qb4 Qf5 26. Be4 Qf6 27. Rb2 f3 28. Ra7 Qe6 29. Qe1 Bc6 30. Ra6 Bxe4 31. Qxe4 Qh3 0-1


[Site "https://www.chess.com"]

[Event "Titled Tuesday Blitz April 11 Late 2023"]
[White "Dilmukhametov, Artur"]
[Black "Martic, Ivan"]
[WhiteFideId "24179922"]
[BlackFideId "929301"]
[WhiteElo "2199"]
[BlackElo "2360"]
[Result "1-0"]
[Round "08"]
[TimeControl "180+2"]
[Date "2023.04.11"]
[WhiteClock "0:00:52"]
[BlackClock "0:00:08"]

1. e4 c5 2. f4 d5 3. exd5 Nf6 4. Bb5+ Nbd7 5. c4 a6 6. Bxd7+ Bxd7 7. b3 e6 8. dxe6 Bxe6 9. Nf3 Bd6 10. O-O Bxf4 11. Nc3 O-O 12. d3 Bg4 13. Bxf4 Bxf3 14. Qxf3 Qd4+ 15. Be3 Qxc3 16. Bxc5 Rfe8 17. Rad1 Rad8 18. Qxb7 Rxd3 19. Rxd3 Qxd3 20. Qxa6 Ne4 21. Qc6 Rd8 22. Re1 f5 23. Qe6+ Kh8 24. Qxf5 Re8 25. Bf2 h6 26. Qf3 Qc2 27. a4 Re6 28. Qf8+ Kh7 29. Qf5+ Kh8 30. Bd4 Qd2 31. Rxe4 Qc1+ 32. Kf2 Qc2+ 33. Kf3 Qd1+ 34. Kg3 Qd3+ 35. Qf3 Qxe4 36. Qf8+ Kh7 37. Qxg7# 1-0


[Site "https://www.chess.com"]

[Event "Titled Tuesday Blitz April 11 Late 2023"]
[White "Almeida Junior, Alvaro Alves de"]
[Black "Belov, Alexei"]
[WhiteFideId "2149974"]
[BlackFideId "4128206"]
[WhiteElo "2122"]
[BlackElo "2421"]
[Result "0-1"]
[Round "08"]
[TimeControl "180+2"]
[Date "2023.04.11"]
[WhiteClock "0:00:08"]
[BlackClock "0:00:16"]

1. e4 e6 2. d4 d5 3. Bd3 dxe4 4. Bxe4 Nf6 5. Bf3 c5 6. Ne2 Nc6 7. c3 cxd4 8. Nxd4 Nxd4 9. cxd4 Be7 10. O-O O-O 11. Nc3 a6 12. Bf4 h6 13. Re1 Bd6 14. Bxd6 Qxd6 15. d5 e5 16. Rc1 Bd7 17. Qb3 b5 18. Ne4 Nxe4 19. Bxe4 Rac8 20. a3 f5 21. Bb1 e4 22. Qe3 Rxc1 23. Rxc1 Qxd5 24. Bc2 Be6 25. Rd1 Qe5 26. g3 Rc8 27. Bb3 Kh7 28. Bxe6 Qxe6 29. Qf4 Rc2 30. Rd6 Qf7 31. g4 Rc5 32. h3 a5 33. Kg2 Rd5 34. Rxd5 Qxd5 35. Qxf5+ Qxf5 36. gxf5 g6 37. fxg6+ Kxg6 38. Kg3 Kf5 39. f3 e3 40. h4 h5 41. b3 Ke5 42. f4+ Ke4 43. f5 Kxf5 44. Kf3 e2 45. Kxe2 Kg4 46. Kd3 Kxh4 47. b4 axb4 48. axb4 Kg3 49. Kd4 h4 50. Kc5 h3 51. Kxb5 h2 0-1


[Site "https://www.chess.com"]

[Event "Titled Tuesday Blitz April 11 Late 2023"]
[White "Reprintsev, Alexander"]
[Black "Mikhailovsky, Vladimir"]
[WhiteFideId "14100541"]
[BlackFideId "34105414"]
[WhiteElo "2211"]
[BlackElo "2275"]
[Result "1-0"]
[Round "08"]
[TimeControl "180+2"]
[Date "2023.04.11"]
[WhiteClock "0:00:15"]
[BlackClock "0:00:02"]

1. e4 c6 2. Nc3 d5 3. Nf3 Bg4 4. h3 Bxf3 5. Qxf3 Nf6 6. e5 Nfd7 7. Qg3 e6 8. f4 c5 9. h4 Nc6 10. b3 Nb4 11. Kd1 h5 12. Bb2 g6 13. Bb5 a6 14. Bxd7+ Qxd7 15. Qf3 Nc6 16. Ne2 d4 17. Ng3 O-O-O 18. Ne4 Be7 19. a3 Qd5 20. d3 Rhf8 21. Bc1 f6 22. exf6 Bxf6 23. Bd2 e5 24. f5 Be7 25. f6 Bxf6 26. Qg3 Be7 27. Qxg6 Rg8 28. Qxh5 Rxg2 29. Kc1 b5 30. Qf3 Rdg8 31. h5 c4 32. bxc4 bxc4 33. dxc4 Qxc4 34. Qd3 Qd5 35. h6 R2g4 36. h7 Rh8 37. Nf2 Rg2 38. Rf1 Rg7 39. Qxa6+ Kd7 40. Rb1 Rhxh7 41. Rb7+ Ke6 42. Nd3 Rf7 43. Re1 Bd6 44. Rb6 Kd7 45. Bb4 Bxb4 46. axb4 e4 47. Nc5+ Kd6 48. Nxe4+ Ke7 49. Rxc6 Kf8 50. Qc8+ Kg7 51. Rg1+ Qg5+ 52. Rxg5# 1-0


[Site "https://www.chess.com"]

[Event "Titled Tuesday Blitz April 11 Late 2023"]
[White "Sabuk, Piotr"]
[Black "Mazurkiewicz, Michal"]
[WhiteFideId "1137565"]
[BlackFideId "1124943"]
[WhiteElo "2298"]
[BlackElo "2054"]
[Result "1-0"]
[Round "08"]
[TimeControl "180+2"]
[Date "2023.04.11"]
[WhiteClock "0:00:16"]
[BlackClock "0:00:01"]

1. d4 Nf6 2. Nf3 g6 3. c4 Bg7 4. Nc3 O-O 5. e4 d6 6. h3 c5 7. d5 e6 8. Bd3 exd5 9. exd5 Re8+ 10. Be3 Nh5 11. O-O f5 12. Bg5 Nf6 13. Qd2 Nbd7 14. Rae1 Ne5 15. Nxe5 dxe5 16. f4 e4 17. Be2 Bd7 18. Kh1 Qa5 19. Nxe4 Qxd2 20. Nxd2 Re3 21. Bf3 Rae8 22. Rd1 b6 23. Bh4 Rd3 24. Nb1 Rxd1 25. Rxd1 Ne4 26. b3 Bf6 27. Bxf6 Nxf6 28. g3 Re3 29. Kg2 Ne4 30. Bxe4 fxe4 31. Rd2 Re1 32. Nc3 e3 33. Re2 Rc1 34. Rxe3 Rc2+ 35. Kf3 Bxh3 36. g4 h5 37. gxh5 gxh5 38. d6 Bg4+ 39. Kg3 Bf5 40. Nd5 Kf7 41. Re5 Bd3 42. d7 1-0


[Site "https://www.chess.com"]

[Event "Titled Tuesday Blitz April 11 Late 2023"]
[White "Thorfinnsson, Bjorn"]
[Black "Guzman Moneo, Alberto"]
[WhiteFideId "2300982"]
[BlackFideId "2209616"]
[WhiteElo "2395"]
[BlackElo "2157"]
[Result "0-1"]
[Round "08"]
[TimeControl "180+2"]
[Date "2023.04.11"]
[WhiteClock "0:01:30"]
[BlackClock "0:01:09"]

1. d4 Nf6 2. Nf3 c5 3. c3 cxd4 4. cxd4 d5 5. Bg5 Nc6 6. Nc3 Bf5 7. e3 e6 8. Bb5 Bb4 9. O-O O-O 10. Rc1 Rc8 11. Qa4 Qa5 12. Bxf6 gxf6 13. Bxc6 Rxc6 14. Qxa5 Bxa5 15. Nb5 Rfc8 16. Rxc6 Rxc6 17. Nxa7 Rc2 18. b3 Rxa2 19. Nb5 Rb2 20. Nd6 Bd3 21. Ra1 Rxb3 22. h4 b6 23. h5 Rb1+ 24. Rxb1 Bxb1 25. h6 Bd3 26. Ne8 b5 27. Nxf6+ Kf8 28. Ne5 Bc2 29. f3 b4 30. e4 dxe4 31. Nxh7+ Ke7 32. Ng6+ fxg6 33. Ng5 Bb6 0-1


[Site "https://www.chess.com"]

[Event "Titled Tuesday Blitz April 11 Late 2023"]
[White "Janaszak, Dawid"]
[Black "Girsh, Daniel"]
[WhiteFideId "1119206"]
[BlackFideId "30949190"]
[WhiteElo "2220"]
[BlackElo "2075"]
[Result "1-0"]
[Round "08"]
[TimeControl "180+2"]
[Date "2023.04.11"]
[WhiteClock "0:00:18"]
[BlackClock "0:00:35"]

1. e4 e6 2. b3 d5 3. Bb2 Nf6 4. d3 dxe4 5. Nd2 exd3 6. Bxd3 Be7 7. Qf3 Nc6 8. O-O-O Nb4 9. Bc4 Bd7 10. Ne4 Nxe4 11. Qxe4 O-O 12. Nf3 Qe8 13. Qd4 Bf6 14. Qxd7 Nxa2+ 15. Kb1 Bxb2 16. Kxb2 Nb4 17. Qxe8 Rfxe8 18. Rd7 Rac8 19. Ng5 Nc6 20. f4 h6 21. Nf3 Nb8 22. Rd2 a6 23. Rhd1 b5 24. Bf1 c5 25. Ne5 f6 26. Nd7 Kf7 27. Nxb8 Rxb8 28. Rd6 Ra8 29. g3 Rec8 30. Rd7+ Kg6 31. Bd3+ f5 32. Re1 Rc6 33. g4 Kf6 34. gxf5 exf5 35. Ree7 c4 36. Rf7+ Kg6 37. Bxf5+ Kh5 38. Rxg7 c3+ 39. Kc1 Re8 40. Bg6+ Rxg6 41. Rd5+ Kg4 42. Rxg6+ Kxf4 43. Rxh6 b4 44. Rh4+ Kf3 45. Rxb4 Ke2 46. Rc4 Re3 47. Rdc5 Rf3 48. Rxc3 Rf1+ 49. Kb2 Rd1 50. Re5+ Kd2 51. Rd3# 1-0


[Site "https://www.chess.com"]

[Event "Titled Tuesday Blitz April 11 Late 2023"]
[White "Hoffmann, Asa"]
[Black "Lorenzo De La Riva, Lazaro"]
[WhiteFideId "2001470"]
[BlackFideId "2268809"]
[WhiteElo "2117"]
[BlackElo "2294"]
[Result "0-1"]
[Round "08"]
[TimeControl "180+2"]
[Date "2023.04.11"]
[WhiteClock "0:00:07"]
[BlackClock "0:00:14"]

1. d4 c5 2. dxc5 Nf6 3. Nc3 g6 4. e4 Nc6 5. f4 Qa5 6. Bd3 Qxc5 7. Nf3 Bg7 8. Qe2 d6 9. Be3 Qa5 10. a3 O-O 11. h3 d5 12. e5 Ne4 13. Bxe4 dxe4 14. Nd2 f5 15. Qc4+ Kh8 16. Nb3 Qd8 17. Rd1 Qe8 18. Nb5 Rb8 19. Nc7 Qf7 20. Qxf7 Rxf7 21. Nd4 g5 22. g3 e6 23. Ncxe6 Nxd4 24. Nxd4 gxf4 25. gxf4 Bf8 26. b4 a5 27. c3 axb4 28. axb4 Ra8 29. Rg1 Ra2 30. Kf1 Rh2 31. Rg3 Be7 32. Kg1 Ra2 33. Nb5 Be6 34. Nd6 Rg7 35. Rxg7 Kxg7 36. Nxb7 Re2 37. Bc5 Bh4 38. Nd8 Bb3 39. Rd7+ Kg6 40. e6 Bxd8 41. Rxd8 Bxe6 42. Rd6 Kf7 43. Bd4 Rd2 44. Kf1 e3 45. Ke1 Bc4 46. Be5 Rg2 47. Kd1 Bb3+ 48. Kc1 e2 49. Kb2 e1=Q+ 50. Kxb3 Qb1+ 51. Kc4 Qa2+ 52. Kc5 Rg6 53. b5 Rxd6 54. Bxd6 Qb3 55. c4 Ke6 56. Be5 Kd7 57. b6 Qe3+ 58. Kd5 Qe4+ 59. Kc5 Qc6+ 60. Kd4 Qxb6+ 61. c5 Qb4+ 62. Kd5 Qd2+ 63. Kc4 Qg2 0-1


[Site "https://www.chess.com"]

[Event "Titled Tuesday Blitz April 11 Late 2023"]
[White "Zampronha, Wladimir Camilo"]
[Black "Sreyas Payyappat"]
[WhiteFideId "2103087"]
[BlackFideId "46674969"]
[WhiteElo "2176"]
[BlackElo "2083"]
[Result "0-1"]
[Round "08"]
[TimeControl "180+2"]
[Date "2023.04.11"]
[WhiteClock "0:01:05"]
[BlackClock "0:02:21"]

1. e4 c6 2. d4 d5 3. e5 Bf5 4. Nf3 e6 5. Be2 Ne7 6. O-O Ng6 7. c4 dxc4 8. Bxc4 Nd7 9. Nc3 Nb6 10. Be2 Be7 11. Be3 O-O 12. Rc1 Nh4 13. Nxh4 Bxh4 14. Bd3 Bxd3 15. Qxd3 Nd5 16. Nxd5 Qxd5 17. Rc5 Qxa2 18. Qa3 Qxa3 19. bxa3 Be7 20. Rc3 Rac8 21. Rb1 Rc7 22. Rcb3 b6 23. Kf1 Rfc8 24. Rc1 Kf8 25. Ke2 Ke8 26. Kd3 c5 27. dxc5 Bxc5 28. Bxc5 Rxc5 29. Rxc5 Rxc5 30. f4 Kd7 31. Rb2 Kc6 32. Kd4 b5 33. g4 Rc4+ 34. Ke3 Rc3+ 0-1


[Site "https://www.chess.com"]

[Event "Titled Tuesday Blitz April 11 Late 2023"]
[White "Krishnan, Varun"]
[Black "Alahakoon, Isuru"]
[WhiteFideId "5054508"]
[BlackFideId "9900993"]
[WhiteElo "2341"]
[BlackElo "1995"]
[Result "0-1"]
[Round "08"]
[TimeControl "180+2"]
[Date "2023.04.11"]
[WhiteClock "0:00:52"]
[BlackClock "0:00:13"]

1. d4 d5 2. c4 e6 3. Nc3 Nf6 4. cxd5 exd5 5. Bg5 c6 6. e3 Bd6 7. Bd3 O-O 8. Nge2 Re8 9. O-O Bxh2+ 10. Kh1 Bc7 11. Qc2 h6 12. Bh4 Qd6 13. Ng3 g5 14. e4 dxe4 15. Ncxe4 Nxe4 16. Bxe4 gxh4 17. Bh7+ Kh8 18. Rfe1 Be6 19. Nf1 Nd7 20. Re4 Nf6 21. Rxh4 Nxh7 22. Re1 Kg7 23. Re3 Qe7 24. Rxh6 Kxh6 25. Ng3 Qh4+ 26. Kg1 Bxg3 27. Rxg3 Bf5 28. Qd2+ Ng5 29. d5 cxd5 30. Qc3 Rac8 31. Qf6+ Bg6 32. Rxg5 Qxg5 33. Qd4 Re1+ 34. Kh2 Qh5+ 35. Kg3 Qe5+ 36. Qxe5 Rxe5 37. f4 Re3+ 38. Kh4 Re2 39. b4 Rxg2 40. a4 Rgc2 41. a5 d4 42. a6 bxa6 43. b5 axb5 44. Kg3 d3 45. f5 Bxf5 46. Kf4 d2 47. Ke5 d1=Q 48. Kf6 Qd4+ 49. Ke7 R2c7# 0-1


[Site "https://www.chess.com"]

[Event "Titled Tuesday Blitz April 11 Late 2023"]
[White "Sztokbant, Bernardo Vainzoff"]
[Black "Filgueiras, Nathan Felipe"]
[WhiteFideId "2115956"]
[BlackFideId "2188562"]
[WhiteElo "2222"]
[BlackElo "2241"]
[Result "1-0"]
[Round "08"]
[TimeControl "180+2"]
[Date "2023.04.11"]
[WhiteClock "0:00:07"]
[BlackClock "0:01:31"]

1. e4 c5 2. Nf3 Nc6 3. d4 cxd4 4. Nxd4 e5 5. Nb5 d6 6. N1c3 a6 7. Na3 Be6 8. Nd5 Be7 9. Nc4 Bxd5 10. exd5 Nb8 11. Be3 Nd7 12. Be2 Ngf6 13. a4 Rc8 14. O-O O-O 15. a5 Qc7 16. b3 Nc5 17. f3 h6 18. Qd2 Nh7 19. f4 f6 20. Bg4 f5 21. Bh5 Ne4 22. Qd3 Nhf6 23. Bg6 Nd7 24. fxe5 dxe5 25. Bxf5 Nd6 26. Bxd7 Qxd7 27. Nb6 Qc7 28. Nxc8 Qxc8 29. Qg6 Qe8 30. Qxe8 Nxe8 31. Rxf8+ Kxf8 32. c4 Nf6 33. Rb1 Bb4 34. Bb6 Ke7 35. Rd1 Kd7 36. c5 e4 37. Kf2 Ng4+ 38. Ke2 Ne5 39. Ke3 Nd3 40. Rxd3 exd3 41. Kxd3 Be1 42. Kc4 Bh4 43. b4 g5 44. g3 Bxg3 45. hxg3 h5 46. Kd4 h4 47. gxh4 gxh4 48. Ke4 h3 49. Kf3 1-0


[Site "https://www.chess.com"]

[Event "Titled Tuesday Blitz April 11 Late 2023"]
[White "Urazayev, Arystanbek"]
[Black "Kaplan, Avi Harrison"]
[WhiteFideId "13709810"]
[BlackFideId "30934559"]
[WhiteElo "2449"]
[BlackElo "1983"]
[Result "1-0"]
[Round "08"]
[TimeControl "180+2"]
[Date "2023.04.11"]
[WhiteClock "0:02:00"]
[BlackClock "0:00:18"]

1. c4 Nf6 2. Nc3 a6 3. e4 e5 4. Nf3 Nc6 5. d4 exd4 6. Nxd4 Bc5 7. Be3 Nxd4 8. Bxd4 Bxd4 9. Qxd4 O-O 10. e5 Re8 11. Be2 c5 12. Qf4 Qc7 13. O-O Qxe5 14. Qxe5 Rxe5 15. Bf3 Rb8 16. a4 b6 17. Rfe1 Rxe1+ 18. Rxe1 Bb7 19. Bxb7 Rxb7 20. Nd5 Kf8 21. Nc3 Rb8 22. f3 Re8 23. Rd1 Ke7 24. g4 Kd8 25. g5 Nh5 26. Nd5 Re6 27. Kf2 f6 28. h4 fxg5 29. hxg5 g6 30. Rd3 Kc8 31. Rb3 Kb7 32. a5 b5 33. cxb5 axb5 34. Rxb5+ Kc6 35. Nc3 Re8 36. Rb6+ Kc7 37. Nb5+ Kd8 38. Rb8+ Ke7 39. Rxe8+ Kxe8 40. a6 Nf4 41. a7 Nd3+ 42. Ke3 Nxb2 43. a8=Q+ Ke7 44. Qd5 Na4 45. Qd6+ Ke8 46. Nc7+ Kd8 47. Nd5 c4 48. Qf8# 1-0


[Site "https://www.chess.com"]

[Event "Titled Tuesday Blitz April 11 Late 2023"]
[White "Fernandez, Maria Florencia"]
[Black "Tanenbaum, Zachary"]
[WhiteFideId "116459"]
[BlackFideId "2060850"]
[WhiteElo "2120"]
[BlackElo "2175"]
[Result "0-1"]
[Round "08"]
[TimeControl "180+2"]
[Date "2023.04.11"]
[WhiteClock "0:00:48"]
[BlackClock "0:01:57"]

1. d4 d5 2. c4 dxc4 3. Nc3 e5 4. e3 exd4 5. exd4 Nf6 6. Bxc4 Bd6 7. h3 O-O 8. Nf3 Re8+ 9. Be3 h6 10. O-O Nc6 11. a3 Bf5 12. b4 Qd7 13. Bd3 Bxh3 14. b5 Bxg2 15. bxc6 Qh3 0-1


[Site "https://www.chess.com"]